 Dungeon Crawl Stone Soup version 0.32-a0-377-g951292165a (webtiles) character file.

Game seed: 17755117812102946948

129157 iamserjio the Warrior (level 16, 0/138 HPs)
             Began as a Demonspawn Monk on Feb 19, 2024.
             Was a High Priest of Okawaru.
             Slain by a naga warrior
             ... wielding a +0 scimitar
              (9 damage)
             ... on level 3 of the Snake Pit.
             The game lasted 00:59:26 (28620 turns).

iamserjio the Warrior (Demonspawn Monk)            Turns: 28620, Time: 00:59:26

Health: 0/138      AC: 26    Str: 24    XL:     16   Next: 50%
Magic:  24/24      EV: 17    Int: 10    God:    Okawaru [*****.]
Gold:   149        SH: 18    Dex: 20    Spells: 9/15 levels left

rFire   . . .        H - +3 demon trident (vamp)
rCold   + . .        A - +0 kite shield
rNeg    . . .        T - +7 Kryia's mail coat {PotionHeal*2 rC+}
rPois   +            W - +2 helmet
rElec   .            Q - +2 cloak {rPois}
rCorr   .            l - +0 pair of gloves
SInv    .            (boots unavailable)
Will    +....        y - amulet of reflection Stlth
                     C - +5 ring of evasion
HPRegen 0.43/turn    N - +6 ring of strength
MPRegen 0.19/turn

%: reflection, clarity
@: lethally poisoned (0 -> -18), constricted, studying Armour
A: hooves 3, slimy green scales 2, ignite blood 1, powered by death 2, agile 1,
clarity, deterioration 1
a: Renounce Religion, Heroism, Finesse, Duel


You were on level 3 of the Snake Pit.
You worshipped Okawaru.
Okawaru was extremely pleased with you.
You visited 5 branches of the dungeon, and saw 26 of its levels.
You also visited: Bailey, Ice Cave and Volcano.

You collected 3997 gold pieces.
You spent 3848 gold pieces at shops.

Inventory:

Hand Weapons
 H - a +3 vampiric demon trident (weapon)
 V - a +2 demon trident of electrocution
Missiles
 d - 14 javelins
 D - 14 curare-tipped darts
 E - 14 boomerangs (quivered)
 P - a dart of dispersal
Armour
 e - a +0 cloak of willpower
 l - a +0 pair of gloves (worn)
 A - a +0 kite shield (worn)
 Q - a +2 cloak of poison resistance (worn)
 T - the +7 Kryia's mail coat (worn) {PotionHeal*2 rC+}
   (You acquired it in a bailey)

   PotionHeal*2: Potions heal its wearer twice as much.
   rC+:       It protects you from cold.
 U - the +3 crystal plate armour "Seaquopn" {rC+ Str+2}
   (Okawaru gifted it to you on level 2 of the Lair of Beasts)

   Str+2:     It affects your strength (+2).
   rC+:       It protects you from cold.
 W - a +2 helmet (worn)
Jewellery
 i - a ring of see invisible
 o - the amulet of Attitude {Spirit rC+}
   (You found it on level 5 of the Lair of Beasts)

   [amulet of guardian spirit]

   Spirit:    It causes incoming damage to be divided between your reserves of
   health and magic.
   rC+:       It protects you from cold.
 r - a ring of resist corrosion
 y - an amulet of reflection (around neck)
 C - a +5 ring of evasion (left hand)
 G - a ring of protection from cold
 J - a ring of protection from fire
 M - a ring of flight
 N - a +6 ring of strength (right hand)
 Z - a ring of willpower
Wands
 n - a wand of flame (60)
 q - a wand of light (9)
 B - a wand of polymorph (5)
 F - a wand of roots (21)
 X - a wand of digging (25) {@v3}
 Y - a wand of mindburst (16)
Scrolls
 h - 7 scrolls of fog
 t - a scroll of revelation
 u - 2 scrolls of fear
 v - 2 scrolls of blinking {@r4}
 w - 4 scrolls of poison
 x - 6 scrolls of vulnerability
 K - a scroll of immolation
 L - 7 scrolls of teleportation {@r3}
 S - 2 scrolls of silence
Potions
 a - 4 potions of haste {@q4}
 b - a potion of mutation
 c - a potion of ambrosia
 f - 2 potions of resistance {@q5}
 g - 3 potions of enlightenment
 j - 2 potions of might {@q3}
 m - 20 potions of curing {@q1}
 s - 3 potions of magic
 z - 11 potions of cancellation
 I - 4 potions of invisibility
 O - 6 potions of lignification
 R - 2 potions of heal wounds {@q2}
Miscellaneous
 k - a lightning rod (4/4)
 p - a condenser vane


   Skills:
 * Level 16.0 Fighting
 - Level 0.9(7.1) Axes
 - Level 11.2 Polearms
 + Level 11.4 Throwing
 + Level 7.5 Armour
 - Level 9.0 Dodging
 + Level 11.9 Shields
 + Level 11.9 Invocations
 - Level 3.4 Evocations


You had 9 spell levels left.
You knew the following spells:

 Your Spells              Type           Power      Damage    Failure   Level
a - Blink                 Tloc           0%         N/A       91%         2
b - Passage of Golubria   Tloc           0%         N/A       100%        4

Your spell library contained the following spells:

 Spells                   Type           Power      Damage    Failure   Level
 Apportation              Tloc           0%         N/A       80%         1
 Freeze                   Ice            0%         1d3       80%         1
 Ensorcelled Hibernation  Hex/Ice        0%         N/A       91%         2
 Jinxbite                 Hex            0%         N/A       91%         2
 Lesser Beckoning         Tloc           0%         N/A       91%         2
 Momentum Strike          Conj/Tloc      0%         3d8       91%         2
 Sublimation of Blood     Necr           0%         N/A       91%         2
 Dazzling Flash           Conj/Hex       0%         N/A       99%         3
 Frozen Ramparts          Ice            0%         1d1       99%         3
 Fugue of the Fallen      Necr           0%         N/A       99%         3
 Gell's Gravitas          Tloc           0%         N/A       99%         3
 Inner Flame              Hex/Fire       0%         N/A       99%         3
 Mephitic Cloud           Conj/Alch/Air  0%         N/A       99%         3
 Teleport Other           Tloc           0%         N/A       99%         3
 Volatile Blastmotes      Fire/Tloc      0%         2d10      99%         3
 Anguish                  Hex/Necr       0%         N/A       100%        4
 Fulminant Prism          Conj/Alch      0%         3d5       100%        4
 Iskenderun's Mystic Bla  Conj/Tloc      0%         2d3       100%        4
 Leda's Liquefaction      Alch/Erth      0%         N/A       100%        4
 Petrify                  Alch/Erth      0%         N/A       100%        4
 Alistair's Intoxication  Alch           0%         N/A       100%        5
 Borgnjor's Vile Clutch   Necr/Erth      0%         N/A       100%        5
 Curse of Agony           Necr           0%         N/A       100%        5
 Freezing Cloud           Conj/Ice/Air   0%         6-21      100%        5
 Irradiate                Conj/Alch      0%         3d11      100%        5
 Lee's Rapid Deconstruct  Erth           0%         3d4*      100%        5
 Metabolic Englaciation   Hex/Ice        0%         N/A       100%        5
 Silence                  Hex/Air        0%         N/A       100%        5
 Bombard                  Conj/Erth      0%         9d1       100%        6
 Ignition                 Fire           0%         3d3       100%        8
 Lehudib's Crystal Spear  Conj/Erth      0%         10d2      100%        8
 Call Imp                 Summ           Unusable   N/A       N/A         2
 Animate Dead             Necr           Unusable   N/A       N/A         4
 Death Channel            Necr           Unusable   N/A       N/A         6
 Summon Hydra             Summ           Unusable   N/A       N/A         7

Dungeon Overview and Level Annotations

Branches:
Dungeon (15/15)            Temple (1/1) D:4            Lair (5/5) D:9
  Swamp (0/4) Lair:2        Snake (3/4) Lair:2        Slime (0/5) Lair:5
    Orc (2/2) D:9             Elf (0/3) Orc:2        Vaults (0/5) D:13
 Depths (0/4) D:15         Bailey (visited)           IceCv (visited)
Volcano (visited)

Altars:
Ashenzari
Cheibriados
Dithmenos
Fedhas
Gozag
Hepliaklqana
Kikubaaqudgha
Makhleb
Nemelex Xobeh
Okawaru
Qazlal
Ru
Sif Muna
Trog
Uskayaw
Vehumet
Wu Jian
Xom
Yredelemnul
Jiyva

Shops:
D:1 =!   D:3 [   D:8 [(!   D:9 (?[   D:10 :   D:12 !   Orc:1 *   Orc:2 *[:(
Snake:2 :(:!!

Annotations:
D:15 1 runed translucent door, Erogruvuu's ghost, journeyman GrFE


Innate Abilities, Weirdness & Mutations

You have hooves in place of feet.
You are mostly covered in slimy green scales. (AC +3)
Your demonic aura sometimes causes spilled blood to erupt in flames.
You regenerate health from kills.
You are agile. (Dex +4, Str/Int -1)
You possess an exceptional clarity of mind.
Your body sometimes deteriorates upon taking damage.


Message History

The naga spits poison at you.
You block the splash of poison... and reflect it back!
The splash of poison hits the naga.
The naga barely misses you.
You barely miss the naga warrior. Your kick misses the naga warrior.
You block the black mamba's attack. The naga warrior spits poison at you.
You block the splash of poison... and reflect it back!
The naga warrior blocks the splash of poison with its +1 tower shield of reflection... and reflects it back!
The splash of poison hits you but does no damage.
You are poisoned.
You resist. The naga warrior constricts you. The naga barely misses you.
You completely miss the naga warrior. You kick the naga warrior.
You feel very sick. You block the black mamba's attack.
The naga closely misses you. You block the black mamba's attack.
The naga warrior roars a battlecry!
The nagas go into a battle-frenzy!
The naga warrior constricts you. The naga warrior spits poison at you.
You block the splash of poison... and reflect it back!
The naga warrior blocks the splash of poison.
The naga warrior blocks your attack.
Your kick misses the naga warrior.
You feel sick. You block the black mamba's attack.
The naga hits you with a +0 scimitar!!
* * * LOW HITPOINT WARNING * * *
The naga spits poison at you.
The splash of poison hits you but does no damage.
You are more poisoned.
You resist. The naga warrior barely misses you.
The naga warrior completely misses you. The naga warrior constricts you.
The naga warrior's grasp on you weakens, but your attempt to escape fails.
You feel very sick. You block the black mamba's attack.
You block the naga's attack. The naga completely misses you.
You block the black mamba's attack.
The naga hits you from afar with a +0 halberd!!
* * * LOW HITPOINT WARNING * * *
The naga warrior hits you with a +0 mace!!
* * * LOW HITPOINT WARNING * * *
The naga warrior hits you with a +0 scimitar!
You die...

... .... #.#
....... '.#
#....... #.#
+....... #.#
#.....#
###+###N#+#+#....#
......S☼N........#
..?N.NN@N.......#
...............##
##+###.....)<..###
#...<.......#
#..............#
#.######.......#
#. ##......# #.
##.....# .....#


You could see 2 naga warriors, a black mamba and 4 nagas.

Vanquished Creatures
  An orc warlord (Orc:2)
  An ironbound preserver (D:13)
  A stone giant (D:15)
  Azrael (D:15)
  A rakshasa (D:10)
  9 hydras
  2 vault guards (Bailey)
  A catoblepas (D:10)
  4 boulder beetles
  6 anacondas
  The ghost of Mrcake the Cleaver, a novice MiBe of Trog (D:9)
  3 centaur warriors (D:13)
  3 tengu warriors
  5 death yaks (Lair:5)
  4 orc high priests (Orc:2)
  3 naga warriors
  3 shock serpents
  Amaemon (D:11)
  5 naga sharpshooters
  A skeletal warrior (D:14)
  4 skysharks
  A fire crab (Lair:5)
  A goliath frog (Lair:5)
  A naga ritualist (Snake:2)
  4 mana vipers
  Pikel (D:3)
  2 lindwurms (Volcano)
  3 deep elf pyromancers
  6 orc knights
  4 ugly things
  7 orc sorcerers
  3 salamanders
  5 cyclopes
  4 manticores
  18 black mambas
  5 naga magi
  A meliai (D:10)
  12 elephants
  3 molten gargoyles (Volcano)
  3 kobold blastminers
  3 ice statues (IceCv)
  2 gargoyles (D:13)
  An orange demon (D:11)
  An unseen horror (D:11)
  21 cane toads
  A kobold demonologist (D:10)
  A yaktaur (D:10)
  Jeremiah (D:6)
  A freezing wraith (IceCv)
  5 efreet
  Psyche (D:12)
  A tengu conjurer (D:14)
  10 komodo dragons
  A queen bee (shapeshifter) (D:14)
  6 trolls
  A hornet (D:9)
  2 tyrant leeches (Lair:5)
  9 polar bears
  Prince Ribbit (Bailey)
  Grinder (D:3)
  A raiju (shapeshifter) (D:13)
  24 blink frogs
  11 dream sheep
  A centaur simulacrum (D:15)
  19 slime creatures
  2 wraiths
  Sigmund (D:3)
  A dire elephant simulacrum (IceCv)
  68 yaks
  7 wyverns
  2 shadows
  A hog (shapeshifter) (D:14)
  3 humans (Bailey)
  A vampire (D:10)
  6 basilisks
  A human (shapeshifter) (D:15)
  2 steam dragons
  5 fire elementals
  2 wargs (Orc:2)
  11 nagas
  3 death yak simulacra (IceCv)
  18 vampire mosquitoes
  A harpy simulacrum (IceCv)
  4 hell hounds
  4 acid dragons
  17 water moccasins
  Duvessa (D:5)
  An ice beast (D:6)
  6 black bears
  A laughing skull (D:10)
  44 orc warriors
  6 ogres
  13 wolves
  12 centaurs
  A phantom (D:4)
  A lemure (Temple)
  2 kobold brigands (D:10)
  Blork the orc (D:4)
  29 bullfrogs
  5 scorpions
  3 earth elementals (Volcano)
  3 gnoll sergeants
  A wyvern zombie (D:9)
  5 wights (D:8)
  Dowan (D:5)
  An elephant simulacrum (IceCv)
  11 killer bees
  12 howler monkeys
  3 electric eels
  2 bombardier beetles (D:5)
  A jelly (Lair:5)
  A centaur zombie (D:9)
  A gnoll bouda (D:9)
  5 hounds
  18 orc priests
  3 iguanas
  Crazy Yiuf (D:4)
  Natasha (thrice) (D:3)
  A sleepcap (D:7)
  28 orc wizards
  2 polar bear simulacra (IceCv)
  2 wolf simulacra (IceCv)
  16 gnolls
  6 adders
  A shadow imp (D:6)
  2 white imps (D:5)
  4 ufetubi (D:6)
  4 dart slugs
  4 ribbon worms
  74 orcs
  8 endoplasms
  A giant cockroach (D:1)
  18 goblins
  11 hobgoblins
  4 jackals (D:3)
  10 kobolds
  4 quokkas
  7 ball pythons
  2 bats (D:3)
  3 frilled lizards
  10 rats
850 creatures vanquished.

Notes
Turn   | Place    | Note
-------+----------+-------------------------------------------
     0 | D:1      | iamserjio the Demonspawn Monk began the quest for the Orb.
     0 | D:1      | Reached XP level 1. HP: 18/18 MP: 1/1
   193 | D:1      | Gained mutation: You are partially covered in slimy green
                  | scales. (AC +2) [demonic ancestry]
   193 | D:1      | Reached XP level 2. HP: 24/24 MP: 2/2
   281 | D:1      | Found Umyumeme's Distillery.
   389 | D:1      | Found Obripuis's Jewellery Shoppe.
   613 | D:1      | Bought a potion of lignification for 39 gold pieces
   687 | D:2      | Gained mutation: You have large cloven feet. [demonic
                  | ancestry]
   687 | D:2      | Reached XP level 3. HP: 23/29 MP: 3/3
   781 | D:2      | Learned a level 2 spell: Blink
  1263 | D:2      | Reached XP level 4. HP: 35/37 MP: 4/4
  1529 | D:1      | Bought a potion of might for 52 gold pieces
  1529 | D:1      | Bought a potion of degeneration for 13 gold pieces
  1657 | D:3      | Found a radiant altar of Vehumet.
  1700 | D:3      | Found a faded altar of an unknown god.
  1707 | D:3      | Noticed Sigmund
  1747 | D:3      | Killed Sigmund
  1748 | D:3      | Reached skill level 4 in Fighting
  1748 | D:3      | Gained mutation: You have hoof-like feet. [demonic
                  | ancestry]
  1748 | D:3      | Reached XP level 5. HP: 41/42 MP: 5/5
  1896 | D:3      | Found Lybreur's Antique Armour Shoppe.
  2106 | D:3      | Reached skill level 5 in Polearms
  2134 | D:3      | Reached XP level 6. HP: 43/49 MP: 6/6
  2192 | D:3      | Found an ancient bone altar of Kikubaaqudgha.
  2204 | D:3      | Noticed Grinder
  2289 | D:4      | Noticed Blork the orc
  2296 | D:4      | Killed Blork the orc
  2337 | D:4      | Found a staircase to the Ecumenical Temple.
  2343 | Temple   | Entered the Ecumenical Temple
  2352 | Temple   | Became a worshipper of Warmaster Okawaru
  2352 | Temple   | Reached * piety under Okawaru
  2352 | Temple   | Reached ** piety under Okawaru
  2458 | Temple   | Reached skill level 1 in Invocations
  2651 | D:4      | Found a runed translucent door.
  2652 | D:4      | Noticed Crazy Yiuf
  2693 | D:4      | Reached skill level 1 in Evocations
  2797 | D:4      | Noticed Pikel
  3244 | D:1      | Bought a potion of curing for 39 gold pieces
  3377 | D:4      | Reached XP level 7. HP: 51/55 MP: 6/9
  3418 | D:4      | Noticed Natasha
  3449 | D:3      | Killed Natasha
  3553 | D:3      | Noticed Natasha
  3564 | D:3      | Killed Natasha
  3565 | D:3      | Killed Pikel
  3566 | D:3      | Reached skill level 5 in Fighting
  3566 | D:3      | Reached XP level 8. HP: 25/62 MP: 7/11
  4361 | D:3      | Found a sacrificial altar of Ru.
  4475 | D:3      | Noticed Natasha
  4488 | D:3      | Killed Natasha
  4538 | D:3      | Paralysed by Grinder for 3 turns
  4812 | D:5      | Entered Level 5 of the Dungeon
  4815 | D:5      | Found a sparkling altar of Nemelex Xobeh.
  4815 | D:5      | Noticed Dowan
  5167 | D:5      | Reached skill level 5 in Invocations
  5195 | D:5      | Noticed Duvessa
  5468 | D:5      | Found a shadowy altar of Dithmenos.
  5484 | D:5      | Reached skill level 1 in Throwing
  5679 | D:5      | Found an ornate altar of the Wu Jian Council.
  5961 | D:5      | Reached skill level 6 in Fighting
  6616 | D:6      | Reached XP level 9. HP: 59/69 MP: 13/13
  6965 | D:6      | Noticed Jeremiah
  7019 | D:6      | Killed Jeremiah
  7019 | D:6      | Reached *** piety under Okawaru
  7097 | D:6      | Found a shimmering altar of Xom.
  7097 | D:6      | Found a blossoming altar of Fedhas.
  8011 | D:7      | Reached skill level 7 in Fighting
  8087 | D:7      | Found a broken altar of Ashenzari.
  8296 | D:7      | Found a snail-covered altar of Cheibriados.
  8568 | D:3      | Killed Grinder
  8842 | D:3      | Bought a glowing cloak for 142 gold pieces
  8945 | D:8      | Found a hazy altar of Hepliaklqana.
  8961 | D:8      | Found Ufeav's Antique Weapon Shop.
  8963 | D:8      | Found Ozoulax's Antique Armour Emporium.
  9025 | D:8      | Found a flagged portal.
  9043 | Bailey   | Entered a bailey
  9077 | Bailey   | Reached skill level 1 in Shields
  9077 | Bailey   | Reached XP level 10. HP: 70/79 MP: 13/15
  9105 | Bailey   | Identified 4 scrolls of acquirement
  9105 | Bailey   | Acquired 438 gold pieces
  9106 | Bailey   | Acquired 722 gold pieces
  9107 | Bailey   | Acquired the +7 Kryia's mail coat {PotionHeal*2 rC+}
  9107 | Bailey   | Found the +7 Kryia's mail coat {PotionHeal*2 rC+}
  9108 | Bailey   | Acquired a +2 vampiric demon trident
  9156 | Bailey   | Reached **** piety under Okawaru
  9201 | Bailey   | Noticed a vault guard
  9217 | Bailey   | Killed a vault guard
  9218 | Bailey   | Reached skill level 5 in Dodging
  9324 | Bailey   | Noticed a vault guard
  9324 | Bailey   | Noticed Prince Ribbit
  9336 | Bailey   | Killed Prince Ribbit
  9346 | Bailey   | Killed a vault guard
  9414 | D:8      | Found Komoof's Distillery.
  9422 | D:8      | Bought a potion of invisibility for 120 gold pieces
  9422 | D:8      | Bought a potion of heal wounds for 75 gold pieces
  9422 | D:8      | Bought a potion of berserk rage for 75 gold pieces
  9422 | D:8      | Bought a potion of lignification for 45 gold pieces
  9422 | D:8      | Bought a potion of lignification for 45 gold pieces
  9446 | D:8      | Reached skill level 8 in Fighting
 10009 | D:5      | Killed Duvessa
 10012 | D:5      | Killed Dowan
 10201 | D:4      | Killed Crazy Yiuf
 10202 | D:4      | Reached skill level 5 in Throwing
 10312 | D:9      | Found Taghuc's Magic Scroll Boutique.
 10329 | D:9      | Bought a scroll of enchant armour for 120 gold pieces
 10329 | D:9      | Bought a scroll of revelation for 120 gold pieces
 10329 | D:9      | Bought a scroll of poison for 64 gold pieces
 10333 | D:9      | Found Xuq Mip's Weapon Emporium.
 10333 | D:9      | Found a staircase to the Orcish Mines.
 10336 | D:9      | Found Yrphoqa's Armour Emporium.
 10507 | D:9      | Found a hide-covered altar of Uskayaw.
 10768 | D:9      | Found a runed translucent gate.
 10769 | D:9      | Found a runed translucent gate.
 10769 | D:9      | Found a runed translucent gate.
 10769 | D:9      | Noticed Mrcake's ghost (novice MiBe)
 10769 | D:9      | Noticed a nine-headed hydra
 10791 | D:9      | Gained mutation: You regenerate a little health from kills.
                  | [demonic ancestry]
 10791 | D:9      | Reached XP level 11. HP: 80/86 MP: 16/16
 10834 | D:9      | Reached skill level 1 in Armour
 10894 | D:9      | Reached skill level 10 in Polearms
 10947 | D:9      | Found a staircase to the Lair.
 11119 | D:9      | Found a basalt altar of Yredelemnul.
 11237 | D:10     | Entered Level 10 of the Dungeon
 11475 | D:10     | Noticed a catoblepas
 11622 | D:10     | Noticed a tengu warrior
 11655 | D:10     | Killed a tengu warrior
 11655 | D:10     | Reached ***** piety under Okawaru
 11737 | D:10     | Noticed a rakshasa
 11846 | D:10     | Reached skill level 5 in Shields
 11896 | D:10     | Killed a catoblepas
 11911 | D:10     | Received a gift from Okawaru
 11960 | D:10     | Reached skill level 5 in Armour
 11979 | D:10     | Found Firr's Book Shoppe.
 12079 | D:10     | Noticed a deep elf pyromancer
 12097 | D:10     | Killed a deep elf pyromancer
 12194 | D:10     | Gained mutation: Your demonic aura sometimes causes spilled
                  | blood to erupt in flames. [demonic ancestry]
 12194 | D:10     | Reached XP level 12. HP: 94/94 MP: 17/17
 12358 | D:10     | Noticed a five-headed hydra
 12366 | D:10     | Killed a five-headed hydra
 12495 | D:3      | Bought a pair of gloves for 85 gold pieces
 12597 | D:9      | Bought a scroll of identify for 32 gold pieces
 12597 | D:9      | Bought a scroll of identify for 32 gold pieces
 12639 | Lair:1   | Entered Level 1 of the Lair of Beasts
 12670 | Lair:1   | Reached skill level 9 in Fighting
 12723 | Lair:1   | Received a gift from Okawaru
 12970 | Lair:1   | Noticed a boulder beetle
 12994 | Lair:1   | Killed a boulder beetle
 12994 | Lair:1   | Received a gift from Okawaru
 13631 | Lair:2   | Noticed a boulder beetle
 13673 | Lair:2   | Killed a boulder beetle
 13711 | Lair:2   | Found a staircase to the Swamp.
 14075 | Lair:2   | Reached ****** piety under Okawaru
 14076 | Lair:2   | Acquired a +2 demon trident of electrocution
 14076 | Lair:2   | Received a gift from Okawaru
 14077 | Lair:2   | Acquired the +3 crystal plate armour "Seaquopn" {rC+ Str+2}
 14077 | Lair:2   | Received a gift from Okawaru
 14084 | Lair:2   | Reached skill level 10 in Fighting
 14121 | Lair:2   | Received a gift from Okawaru
 14185 | Lair:2   | Found a staircase to the Snake Pit.
 14206 | Lair:2   | Reached XP level 13. HP: 100/103 MP: 18/18
 15298 | Lair:3   | Received a gift from Okawaru
 15804 | Lair:4   | Reached skill level 11 in Fighting
 15950 | Lair:4   | Received a gift from Okawaru
 16569 | Lair:5   | Entered Level 5 of the Lair of Beasts
 16577 | Lair:5   | Reached skill level 12 in Fighting
 16612 | Lair:4   | Reached skill level 10 in Throwing
 16857 | Lair:5   | Gained mutation: You have hooves in place of feet. [demonic
                  | ancestry]
 16857 | Lair:5   | Reached XP level 14. HP: 99/115 MP: 19/19
 16877 | Lair:5   | Received a gift from Okawaru
 16943 | Lair:5   | Found a viscous altar of Jiyva.
 16944 | Lair:5   | Found a staircase to the Slime Pits.
 17266 | Lair:5   | Received a gift from Okawaru
 17336 | Lair:5   | Reached skill level 13 in Fighting
 17428 | Lair:5   | Identified the amulet of Attitude {Spirit rC+}
 17706 | Lair:5   | Reached skill level 10 in Shields
 17886 | Lair:5   | Received a gift from Okawaru
 18371 | D:11     | Noticed Amaemon
 18389 | D:11     | Killed Amaemon
 19201 | D:12     | Noticed Psyche
 19210 | D:12     | Killed Psyche
 19232 | D:12     | Found Xontam's Distillery.
 19239 | D:12     | Bought a potion of cancellation for 88 gold pieces
 19239 | D:12     | Bought a potion of curing for 33 gold pieces
 19239 | D:12     | Bought a potion of resistance for 110 gold pieces
 19239 | D:12     | Bought a potion of curing for 33 gold pieces
 19239 | D:12     | Bought a potion of curing for 33 gold pieces
 19239 | D:12     | Bought a potion of cancellation for 88 gold pieces
 19864 | D:13     | Received a gift from Okawaru
 19865 | D:13     | Reached skill level 14 in Fighting
 20242 | D:13     | Found a gate to the Vaults.
 20242 | D:13     | Noticed an ironbound preserver
 20257 | D:13     | Gained mutation: You regenerate health from kills. [demonic
                  | ancestry]
 20257 | D:13     | Reached XP level 15. HP: 116/126 MP: 18/20
 21043 | D:14     | Received a gift from Okawaru
 21394 | D:15     | Entered Level 15 of the Dungeon
 21526 | D:15     | Noticed Azrael
 21566 | D:15     | Killed Azrael
 21668 | D:15     | Found a runed translucent door.
 21673 | D:15     | Noticed Erogruvuu's ghost (journeyman GrFE)
 22344 | D:15     | Found a staircase to the Depths.
 23631 | D:10     | Found Firr's Book Shoppe.
 24000 | D:10     | Learned a level 4 spell: Passage of Golubria
 24051 | Orc:1    | Entered Level 1 of the Orcish Mines
 24139 | Orc:2    | Entered Level 2 of the Orcish Mines
 24151 | Orc:2    | Found a staircase to the Elven Halls.
 24161 | Orc:2    | Found a dark tunnel.
 24169 | Volcano  | Entered a volcano
 24401 | Orc:2    | Reached skill level 10 in Invocations
 24416 | Orc:2    | Received a gift from Okawaru
 24421 | Orc:2    | Found a frozen archway.
 24430 | IceCv    | Entered an ice cave
 24626 | IceCv    | Identified the +3 crystal plate armour "Pesch" {Rampage}
 24634 | IceCv    | Got the Codex of Graupel
 25284 | Orc:1    | Reached skill level 15 in Fighting
 25290 | Orc:1    | Found Covva's Assorted Antiques.
 25307 | Orc:1    | Bought a scroll labelled SAUBLI VEEFEKK for 31 gold pieces
 25307 | Orc:1    | Bought a jade ring for 155 gold pieces
 25307 | Orc:1    | Bought a scroll of identify for 62 gold pieces
 25553 | Orc:2    | Gained mutation: You are weak. (Str -2) [a neqoxec]
 25582 | Orc:2    | Lost mutation: You are weak. (Str -2) [potion of mutation]
 25582 | Orc:2    | Gained mutation: You are vulnerable to heat. (rF-) [potion
                  | of mutation]
 25582 | Orc:2    | Gained mutation: Your magical capacity is low. (-10% MP)
                  | [potion of mutation]
 25583 | Orc:2    | Lost mutation: Your magical capacity is low. (-10% MP)
                  | [potion of mutation]
 25583 | Orc:2    | Lost mutation: You are vulnerable to heat. (rF-) [potion of
                  | mutation]
 25583 | Orc:2    | Gained mutation: You are clumsy. (Dex -2) [potion of
                  | mutation]
 25583 | Orc:2    | Gained mutation: You are frail. (-10% HP) [potion of
                  | mutation]
 25635 | Orc:2    | Paralysed by an orc sorcerer for 2 turns
 25965 | Orc:2    | Gained mutation: You are mostly covered in slimy green
                  | scales. (AC +3) [demonic ancestry]
 25965 | Orc:2    | Reached XP level 16. HP: 122/122 MP: 24/24
 25969 | Orc:2    | Received a gift from Okawaru
 26046 | Orc:2    | Found Direpnest's General Store.
 26047 | Orc:2    | Found Yjeisuxy's Book Shop.
 26052 | Orc:2    | Found Hiathreci's Antique Armour Shop.
 26052 | Orc:2    | Found Kigarar's Antique Weapon Boutique.
 26170 | Orc:2    | Bought a potion of curing for 36 gold pieces
 26180 | Orc:2    | Bought a glowing cloak for 180 gold pieces
 26181 | Orc:2    | Bought a runed broad axe for 238 gold pieces
 26377 | D:12     | Bought 2 potions of cancellation for 176 gold pieces
 26377 | D:12     | Bought a potion of mutation for 88 gold pieces
 26377 | D:12     | Lost mutation: You are clumsy. (Dex -2) [potion of
                  | mutation]
 26377 | D:12     | Lost mutation: You are frail. (-10% HP) [potion of
                  | mutation]
 26377 | D:12     | Gained mutation: You possess an exceptional clarity of
                  | mind. [potion of mutation]
 26377 | D:12     | Gained mutation: You are agile. (Dex +4, Str/Int -1)
                  | [potion of mutation]
 26377 | D:12     | Gained mutation: Your body sometimes deteriorates upon
                  | taking damage. [potion of mutation]
 26462 | D:9      | Killed Mrcake's ghost
 26564 | Snake:1  | Entered Level 1 of the Snake Pit
 27190 | Snake:2  | Found Tics's Distillery.
 27207 | Snake:2  | Found Inut's Book Shoppe.
 27542 | Orc:2    | Bought a manual of Armour for 1280 gold pieces
 27980 | Snake:2  | Found Giesmuoj's Weapon Shoppe.
 28148 | Snake:2  | Found Todoy's Distillery.
 28156 | Snake:2  | Bought a potion of curing for 51 gold pieces
 28156 | Snake:2  | Bought a potion of might for 68 gold pieces
 28469 | Snake:2  | Found Isinocos's Book Shoppe.
 28484 | Snake:2  | Reached skill level 16 in Fighting
 28620 | Snake:3  | Slain by a naga warrior

Illustrated notes

Levels and vault maps discovered:
D:1:      ldierk_walled_garden, layout_loops_cross, serial_shops,
          nicolae_shop_tiny_statue_garden, nicolae_lakefront_shop,
          nicolae_twisty_statue_hallways
D:2:      layout_basic, st_stairs_9
D:3:      layout_basic, nicolae_ru_great_annihilating_truth,
          fiery_altar_vehumet, kiku_gazebo_garden_becter,
          shapermc_ecumenical_altar_notcrosses, serial_shops, shop,
          uniq_grinder, uniq_sigmund
D:4:      minmay_bubble_buster, layout_basic, temple_green, serial_curves,
          eino_curves_04, eino_curves_01, minivault_14, minmay_strange_pillars,
          uniq_pikel, uniq_blork_the_orc, uniq_natasha, uniq_crazy_yiuf_cottage
D:5:      layout_basic, nicolae_dithmenos_shadow_blocks,
          mainiacjoe_overflow_cross_hatched, lemuel_round_altar,
          mainiacjoe_overflow_small_starburst, uniq_duvessa
D:6:      layout_loops_ring, gammafunk_temple_overflow_wave, uniq_jeremiah
D:7:      layout_loops_ring, nicolae_ashenzari_skybound, slow_altar_1
D:8:      layout_cave_pools, mainiacjoe_overflow_24_doors, enter_bailey_3,
          serial_shops, shop, minmay_misc_feat_rugged, nicolae_wooded_promenade
D:9:      layout_loops_ring, lemuel_zombie_altar_yredelemnul,
          kennysheep_little_box, david_lair_generic, orc_david_3, serial_shops,
          shop, gammafunk_ghost_hydra_chop, nrook_campfire
D:10:     hangedman_cross_veins, layout_irregular_city, serial_shops,
          nicolae_book_shop_shelving
D:11:     layout_irregular_city, uniq_amaemon
D:12:     layout_basic, serial_shops, nicolae_shop_advertising_works
          [nicolae_subvault_shop_adworks], uniq_psyche
D:13:     layout_rooms, skrybe_vaults_entry_preservation, serial_park_tiny_2,
          minmay_misc_feat_diagonals
D:14:     layout_long_grid, minmay_misc_feat_tiny, kennysheep_generic_room_16
D:15:     grunt_enter_depths_giant_problem, layout_grid_maze,
          small_statue_intersection, hellmonk_ghost_happy_afterlife,
          eino_tiny_chamber, uniq_azrael
Temple:   nicolae_temple_superstar
Lair:1:   beast_lair_carwin_large_1, layout_regular_city,
          small_statue_intersection, nzn_sisyphean_effort
Lair:2:   layout_long_grid, swamp_mist, minmay_snake_entry_six_corridors,
          beast_lair_carwin_2, infiniplex_staircase_pool_2
Lair:3:   layout_roguey, disabler_island
Lair:4:   layout_misc_corridors, chequers_serial_rivers_large_b,
          chequers_serial_rivers_micro_d, minivault_25, grunt_megastairs_2
Lair:5:   minmay_lair_end_frog_pond, layout_regular_city,
          minmay_slime_entry_pillars, serial_bayou_lagoon_a
Snake:1:  layout_rooms
Snake:2:  layout_cave_pods, serial_shops, nicolae_shop_bloodbath_and_beyond,
          shop_statue, shop_statue, shop, shop
Snake:3:  layout_cave_town, tekkud_shop_of_orbs
Orc:1:    layout_diamond_mine, serial_shops, nicolae_shop_just_a_little_nook
Orc:2:    st_orc_congregation, layout_diamond_mine,
          portal_ice_cave_entry_pillars_1, enter_volcano_3

Skill      XL: |  1  2  3  4  5  6  7  8  9 10 11 12 13 14 15 16 |
---------------+-------------------------------------------------+-----
Polearms       | 3 4 5 6 7 9 10 11 | 11.2
Fighting       | 4 5 6 7 8 10 12 14 15 16 | 16.0
Dodging        | 3 4 6 8 9 |  9.0
Invocations    | 2 4 5 7 10 11 | 11.9
Evocations     | 2 3 |  3.4
Throwing       | 2 4 5 6 9 10 11 | 11.4
Shields        | 1 3 6 8 9 10 11 | 11.9
Armour         | 5 6 7 |  7.5
Axes           | |  0.9

Action                     |  1- 3 |  4- 6 |  7- 9 | 10-12 | 13-15 | 16-18 || total
---------------------------+-------+-------+-------+-------+-------+-------++-------
  Melee: Spear             |    84 |   250 |   179 |       |       |       ||   513
         Kick              |     8 |     3 |       |       |   398 |   104 ||   513
         Trident           |       |       |   348 |    19 |       |       ||   367
         Demon trident     |       |       |       |   960 |  1567 |   318 ||  2845
  Throw: Dart              |       |     5 |    24 |     1 |     2 |       ||    32
         Boomerang         |       |       |     1 |       |    56 |     8 ||    65
         Javelin           |       |       |       |       |     7 |       ||     7
 Invoke: Heroism           |       |     3 |     9 |    13 |    23 |     4 ||    52
         Receive Weapon    |       |       |       |     1 |       |       ||     1
         Receive Armour    |       |       |       |     1 |       |       ||     1
         Finesse           |       |       |       |       |     1 |       ||     1
  Evoke: Wand              |       |       |     3 |       |     1 |       ||     4
    Use: Scroll            |       |     7 |     4 |    17 |    12 |       ||    40
         Potion            |       |     2 |     2 |     2 |     2 |     1 ||     9
   Stab: Petrified         |       |       |       |     7 |       |       ||     7
         Petrifying        |       |       |       |     1 |       |       ||     1
         Sleeping          |       |       |       |       |     1 |       ||     1
 Armour: Robe              |    21 |     4 |       |       |       |       ||    25
         Skin              |       |    52 |       |       |       |       ||    52
         Scale mail        |       |   100 |   285 |   443 |   578 |    83 ||  1489
  Dodge: Dodged            |    22 |   103 |   195 |   271 |   675 |   110 ||  1376
  Block: Buckler           |       |       |     7 |    89 |       |       ||    96
         Kite shield       |       |       |       |   581 |  1146 |   251 ||  1978
         Reflection        |       |       |       |    13 |    42 |    35 ||    90

Table legend: (Time is in decaauts)
 A = Elapsed time spent in this place.
 B = Non-inter-level travel time spent in this place.
 C = Inter-level travel time spent in this place.
 D = Time resting spent in this place.
 E = Time spent auto-exploring this place.
 F = Levels seen in this place.
 G = Mean time per level.
                   A        B        C        D        E       F      G
               +--------+--------+--------+--------+--------+-----+--------+
         Total |  28033 |  24771 |   3262 |   3042 |  14981 |  29 |  966.7 |
       Dungeon |  17840 |  15541 |   2299 |   2445 |   9223 |  15 | 1189.3 |
        Temple |    220 |    212 |      8 |    154 |      0 |   1 |  220.0 |
          Lair |   5750 |   5359 |    391 |    277 |   3761 |   5 | 1150.0 |
     Snake Pit |   1582 |   1424 |    158 |     11 |   1075 |   3 |  527.3 |
  Orcish Mines |   1950 |   1546 |    404 |     98 |    894 |   2 |  975.0 |
        Bailey |    301 |    301 |      0 |     13 |      0 |   1 |  301.0 |
      Ice Cave |    238 |    238 |      0 |     43 |     28 |   1 |  238.0 |
       Volcano |    149 |    149 |      0 |      0 |      0 |   1 |  149.0 |
               +--------+--------+--------+--------+--------+-----+--------+

Top non-repeatable levels by time:
    D:10: 2199 daAuts
     D:4: 2159 daAuts
     D:5: 1786 daAuts
     D:3: 1653 daAuts
   Orc:2: 1586 daAuts
  Lair:5: 1485 daAuts
    D:15: 1413 daAuts
  Lair:2: 1261 daAuts
     D:9: 1149 daAuts
  Lair:1: 1060 daAuts
  Lair:3: 1027 daAuts
     D:6: 1025 daAuts
 Snake:2: 997 daAuts
    D:14: 932 daAuts
  Lair:4: 915 daAuts
